 Dungeon Crawl Stone Soup version 0.30-a0-578-gdee14c521f (webtiles) character file.

Game seed: 4250210836666566732

504 scionoferis the Ruffian (level 6, -1/55 HPs)
             Began as a Draconian Monk on Dec 31, 2022.
             Slain by a gnoll
             ... wielding a +0 whip
              (4 damage)
             ... on level 6 of the Dungeon.
             The game lasted 00:08:19 (4547 turns).

scionoferis the Ruffian (Draconian Monk)            Turns: 4547, Time: 00:08:19

Health: -1/55      AC:  7    Str: 20    XL:     6   Next: 96%
Magic:  15/15      EV: 13    Int:  9    God:
Gold:   233        SH:  0    Dex: 12    Spells: 5/5 levels left

rFire   . . .      SeeInvis .      - Unarmed
rCold   . . .      Faith    .    (no shield)
rNeg    . . .      Spirit   .    (body armour unavailable)
rPois   .          Reflect  .    (helmet restricted)
rElec   .          Harm     .    (no cloak)
rCorr   .          Rampage  .    s - +0 pair of gloves
Will    .....      Clarity  +    (no boots)
Stlth   ++                       (no amulet)
HPRegen 0.29/turn                d - ring of flight
MPRegen 0.14/turn                a - ring of magical power

@: brilliant, lethally poisoned (-1 -> -3), attractive, flying
A: AC +6, unfitting armour, cold-blooded, antennae 1, hooves 1, clarity, strong
1
a: no special abilities


You were on level 6 of the Dungeon.
You visited 2 branches of the dungeon, and saw 7 of its levels.

You collected 233 gold pieces.


Innate Abilities, Weirdness & Mutations

Your plain brown scales are hard. (AC +6)
You cannot fit into any form of body armour.
You are cold-blooded and may be slowed by cold attacks.
You have a pair of small antennae on your head.
You have large cloven feet.
You possess an exceptional clarity of mind.
Your muscles are strong. (Str +4, Int/Dex -1)


   Skills:
 + Level 4.8 Fighting
 + Level 3.9 Dodging
 - Level 4.0 Stealth
 * Level 5.3 Unarmed Combat


You had 5 spell levels left.
You didn't know any spells.
Your spell library contained the following spells:

 Spells                   Type           Power      Damage    Failure   Level
 Magic Dart               Conj           0%         1d3       38%         1
 Sandblast                Erth           0%         2d4       38%         1
 Passwall                 Tmut/Erth      0%         N/A       52%         2
 Searing Ray              Conj           0%         2d4       52%         2
 Gell's Gravitas          Tloc           0%         N/A       77%         3
 Stone Arrow              Conj/Erth      0%         3d7       77%         3
 Teleport Other           Tloc           0%         N/A       77%         3
 Fulminant Prism          Conj/Hex       0%         3d5       99%         4
 Dispersal                Tloc           0%         N/A       100%        6

Inventory:

Armour
 s - a +0 pair of gloves (worn)
   (You found it on level 5 of the Dungeon)
Jewellery
 a - a ring of magical power (right hand)
   (You found it on level 4 of the Dungeon)
 d - a ring of flight (left hand)
   (You found it on level 2 of the Dungeon)
Wands
 o - a wand of iceblast (6)
   (You took it off Ijyb on level 3 of the Dungeon)
Scrolls
 b - 3 scrolls of teleportation
 c - 2 scrolls of poison
 e - a scroll of identify
 f - a scroll of immolation
 g - a scroll of brand weapon
 i - a scroll of torment
 j - a scroll of silence {unknown}
 k - a scroll of amnesia {unknown}
 n - 2 scrolls of fear {unknown}
Potions
 l - a potion of curing {unknown}
 m - a potion of invisibility {unknown}
 p - 2 potions of mutation
 r - a potion of brilliance
 t - a potion of might {unknown}

Dungeon Overview and Level Annotations

Branches:
Dungeon (6/15)             Temple (1/1) D:5

Altars:
Ashenzari
Cheibriados
Dithmenos
Gozag
Hepliaklqana
Kikubaaqudgha
Makhleb
Okawaru
Qazlal
Sif Muna
Trog
Uskayaw
Vehumet
Yredelemnul
Zin
The Shining One

Annotations:
D:6 exclusion: ice beast

#.# #.# ##.# #..#
#.... #..# #.....
#..# #...... #..#
....... #.g#
##....... #@##
#........ ######)##
#)..g....
#.......###.g......
#######..#.........
###..........
##.........
###....... .......
#......


You could see a gnoll.


Message History

Found a curved smoking staff.
Found a stone staircase leading up.
The goblin shouts!
A rat comes into view.
The goblin closely misses you.
You closely miss the goblin. The goblin barely misses you.
You hit the goblin.
You kill the goblin!
The rat bites you.
You hit the rat.
You kill the rat!
No target in view!
You see here a rat corpse.
You see here a staff of conjuration.
You reach down and open the door.
There is an open door here.
You see here a staff of conjuration.
A bat comes into view.
A giant cockroach comes into view.
The bat barely misses you. The bat completely misses you.
You hit the bat.
The bat is moderately wounded.
The bat closely misses you. The bat barely misses you.
You hit the bat but do no damage.
The bat is moderately wounded.
The bat barely misses you. The bat hits you but does no damage.
You hit the bat but do no damage.
The bat is moderately wounded.
The bat hits you but does no damage. x2
You hit the bat.
Your tail-slap misses the bat.
The bat is severely wounded.
The bat hits you but does no damage. The bat hits you but does no damage. x2
You closely miss the bat.
The bat is severely wounded.
The bat barely misses you.
You hit the bat.
You kill the bat!
You hit the giant cockroach.
The giant cockroach is almost dead.
The giant cockroach bites you but does no damage.
You hit the giant cockroach but do no damage.
You tail-slap the giant cockroach.
You kill the giant cockroach!
You reach down and open the door.
There is an open door here.
A goblin comes into view. It is wielding a +0 dagger.
The goblin shouts!
The goblin hits you but does no damage.
You barely miss the goblin. The goblin barely misses you.
You hit the goblin.
The goblin is moderately wounded.
The goblin hits you with a +0 dagger.
You hit the goblin.
The goblin is heavily wounded.
The goblin misses you.
You hit the goblin.
You kill the goblin!
Your Unarmed Combat skill increases to level 4!
No target in view!
Found a club.
You reach down and open the door.
There is an open door here.
You now have 120 gold pieces (gained 11).
There is an open door here.
Found a stone staircase leading down.
You reach down and open the door.
There is an open door here.
q - a scroll labelled GEIPAU BOTAMUT You reach down and open the door.
There is an open door here.
You reach down and open the door.
A bat comes into view.
A bat is nearby!
The bat closely misses you.
There is an open door here.
You closely miss the bat.
Your tail-slap misses the bat.
The bat hits you but does no damage. x2
You hit the bat.
The bat is heavily wounded.
The bat barely misses you. The bat hits you but does no damage.
You barely miss the bat.
The bat is heavily wounded.
The bat hits you but does no damage. The bat hits you.
You closely miss the bat.
The bat is heavily wounded.
The bat misses you. The bat hits you but does no damage.
You hit the bat but do no damage.
The bat is heavily wounded.
The bat misses you. The bat misses you. The bat hits you but does no damage.
You punch the bat!
You kill the bat!
No target in view!
No target in view!
You see here a bat corpse.
As you open the door, it creaks loudly!
There is an open door here.
You reach down and open the door.
An endoplasm comes into view.
There is an open door here.
The helpless endoplasm fails to defend itself.
You hit the endoplasm.
The endoplasm is almost dead.
The endoplasm barely misses you.
You hit the endoplasm but do no damage.
The endoplasm is almost dead.
You hit the endoplasm but do no damage.
The endoplasm is almost dead.
The endoplasm hits you.
You hit the endoplasm.
You kill the endoplasm!
You reach down and open the door.
There is an open door here.
A rat comes into view.
Found 14 gold pieces.
The helpless rat fails to defend itself.
You hit the rat.
You kill the rat!
No target in view!
You now have 134 gold pieces (gained 14).
You reach down and open the door.
There is an open door here.
You reach down and open the door.
There is an open door here.
There is an open door here.
There is a stone staircase leading up here.
Partly explored, can't reach some items and places.
Partly explored, can't reach some items and places.
There is a stone staircase leading down here.
Really fly into that teleport trap?
You enter a teleport trap!
The teleport trap disappears.
Your surroundings suddenly seem different.
There is an open door here.
There is an open door here.
There is an open door here.
You see here 7 stones.
q - 2 scrolls labelled GEIPAU BOTAMUT (gained 1) Done exploring.
There is a stone staircase leading down here.
Unknown command.
You fly downwards.
There is a stone staircase leading up here.
A ball python comes into view.
The ball python hisses angrily.
Found a leather armour.
You punch the ball python!
You kill the ball python!
No target in view!
You see here a +0 leather armour.
An orc comes into view. It is wielding a +0 dagger.
Found a scale mail.
An orc comes into view. It is wielding a +0 club.
An orc comes into view. It is wielding a +0 flail.
The orc shouts!
An orc comes into view. It is wielding a +0 club.
The orc shouts! x2
An orc wizard comes into view. It is wielding a +0 dagger.
The orc hits you but does no damage.
The orc wizard shouts!
You hit the orc.
Your tail-slap misses the orc.
The orc is severely wounded.
The orc barely misses you.
You hit the orc.
You kill the orc!
You barely miss the orc.
You tail-slap the orc, but do no damage.
The orc closely misses you.
You hit the orc but do no damage.
Your tail-slap misses the orc.
You hit the orc.
The orc is severely wounded.
The orc wizard mumbles some strange words.
The orc wizard flickers and vanishes!
Deactivating autopickup; reactivate with Ctrl-A.
The orc hits you with a +0 club.
You closely miss the orc.
The orc is heavily wounded.
The orc barely misses you.
You hit the orc.
You kill the orc!
You barely miss the orc. You punch the orc!
You kill the orc!
You hear some strange, mumbled words.
You are confused.
You are too confused!
You are too confused!
You bump into the rock wall.
You barely miss something. Something hits you.
You're too confused to move!
Something hits you.
You closely miss something. Your punch misses something.
Something hits you but does no damage.
You miss something. Something hits you.
You hit something but do no damage. Something hits you.
You bump into the rock wall.
You feel less confused. Something hits you but does no damage.
You hit something.
Your tail-slap misses something.
Something hits you.
You barely miss something. Something barely misses you.
You miss something.
Your tail-slap misses something.
You hit something. Something hits you but does no damage.
You miss something. Something hits you.
You miss something. Something hits you.
You punch something! Something barely misses you.
You closely miss something.
You hear some strange, mumbled words.
A puff of flame appears from out of thin air!
The puff of flame hits you!
You hit something. Something hits you but does no damage.
You closely miss something. Your punch misses something.
Something hits you but does no damage.
You miss something. Something hits you.
You barely miss something.
You hear some strange, mumbled words.
A puff of flame appears from out of thin air!
The puff of flame misses you.
You barely miss something.
You hear some strange, mumbled words.
A puff of flame appears from out of thin air!
The puff of flame hits you.
* * * LOW HITPOINT WARNING * * *
You barely miss something. Something hits you but does no damage.
You miss something.
Your tail-slap misses something.
You hit something.
Your tail-slap misses something.
You hear some strange, mumbled words.
A magic dart appears from out of thin air!
The magic dart hits you.
* * * LOW HITPOINT WARNING * * *
You barely miss something.
Your tail-slap misses something.
Something hits you.
* * * LOW HITPOINT WARNING * * *
You barely miss something. Something hits you.
* * * LOW HITPOINT WARNING * * *
You barely miss something. Something hits you but does no damage.
You are confused.
You feel invigorated. Something hits you.
* * * LOW HITPOINT WARNING * * *
You bump into the rock wall.
Something barely misses you.
You bump into the rock wall.
Something hits you but does no damage.
You bump into the rock wall.
Something hits you but does no damage.
You bump into the rock wall.
Something hits you but does no damage.
You bump into the rock wall.
Something hits you but does no damage.
You bump into the rock wall.
Something barely misses you.
You feel less invigorated.
You feel less confused.
You closely miss something. You tail-slap something.
Something hits you but does no damage.
You hit something. Something hits you but does no damage.
You hit something.
Reactivating autopickup.
You feel a bit more experienced.
You have reached level 5!
You hit the orc. Your punch misses the orc.
The orc is heavily wounded.
The orc barely misses you.
You hit the orc.
You kill the orc!
Items here: )) [ †.
Items here: ( ))) [ ††.
HP restored.
Items here: )) [ †.
Found a stone staircase leading up.
You now have 146 gold pieces (gained 12).
You see here a +0 scale mail.
There is a stone staircase leading up here.
There is a stone staircase leading up here.
You see here a +0 scale mail.
Found an escape hatch in the ceiling.
There is an escape hatch in the ceiling here.
p - 2 viscous brown potions (gained 1)
Found a spear.
Found a sling.
q - 3 scrolls labelled GEIPAU BOTAMUT (gained 1)
There is an escape hatch in the ceiling here.
You see here a +0 leather armour.
You now have 150 gold pieces (gained 4).
Found a hand axe.
You now have 151 gold pieces (gained 1).
A hobgoblin comes into view.
You see here 7 gold pieces.
The helpless hobgoblin fails to defend itself.
You hit the hobgoblin but do no damage.
You tail-slap the hobgoblin, but do no damage.
The hobgoblin hits you but does no damage.
You barely miss the hobgoblin.
The hobgoblin hits you but does no damage.
You hit the hobgoblin.
Your tail-slap misses the hobgoblin.
The hobgoblin is heavily wounded.
The hobgoblin misses you.
You hit the hobgoblin.
You kill the hobgoblin!
No target in view!
No target in view!
You see here a staff of air.
You now have 158 gold pieces (gained 7).
A giant cockroach comes into view.
The giant cockroach moves out of view.
Found a stone staircase leading down.
b - 3 scrolls labelled PIQOOJ URIWI (gained 1)
There is a stone staircase leading down here.
Found a stone staircase leading down.
There is a stone staircase leading down here.
a - a ring of magical power You feel your magic capacity increase.
a - a ring of magical power (right hand) Magic restored.
Found an escape hatch in the floor.
You now have 168 gold pieces (gained 10).
Found a robe.
You see here a +0 robe.
Found a stone staircase leading up.
A goblin and a hobgoblin come into view.
The hobgoblin shouts!
The goblin shouts!
You swing at nothing.
You swing at nothing.
You hit the hobgoblin. You tail-slap the hobgoblin.
The hobgoblin is almost dead.
The hobgoblin closely misses you.
You barely miss the hobgoblin.
The hobgoblin is almost dead.
The hobgoblin hits you but does no damage.
You barely miss the hobgoblin.
Your tail-slap misses the hobgoblin.
The hobgoblin is almost dead.
The hobgoblin hits you with a +0 falchion.
You closely miss the hobgoblin. Your punch misses the hobgoblin.
The hobgoblin is almost dead.
You hit the hobgoblin but do no damage.
The hobgoblin is almost dead.
The hobgoblin closely misses you.
A goblin comes into view. It is wielding a +0 dagger of draining.
The goblin shouts!
You hit the hobgoblin but do no damage.
The hobgoblin is almost dead.
The hobgoblin completely misses you.
You closely miss the hobgoblin. You tail-slap the hobgoblin.
You kill the hobgoblin!
You punch the goblin!
You kill the goblin!
The goblin unwields a +0 dagger of draining.
The goblin wields a +0 sling.
The goblin shoots a sling bullet.
The sling bullet closely misses you.
You barely miss the giant cockroach.
The giant cockroach completely misses you.
You hit the giant cockroach.
You kill the giant cockroach!
The goblin shoots a sling bullet.
The sling bullet hits you.
You hear a shout!
You swing at nothing.
The goblin shoots a sling bullet.
The sling bullet hits you.
You swing at nothing.
The goblin shoots a sling bullet.
The sling bullet hits you.
You swing at nothing.
A kobold comes into view. It is wielding a +0 whip of draining.
The goblin shoots a sling bullet.
The sling bullet closely misses you.
Things that are here:
a +0 club; a +0 falchion; 16 gold pieces The goblin unwields a +0 sling.
The goblin wields a +0 dagger of draining.
You sense an unholy aura.
The goblin barely misses you.
The kobold hits you with a +0 whip of draining.
You feel drained.
You closely miss the goblin. The goblin closely misses you.
The kobold hits you but does no damage.
You feel drained.
You miss the goblin. The goblin misses you. The kobold barely misses you.
You barely miss the kobold. Your punch misses the kobold.
The goblin hits you but does no damage.
You feel drained.
You closely miss the kobold.
The kobold hits you with a +0 whip of draining.
You feel drained. The goblin barely misses you.
You hit the kobold.
The kobold is severely wounded.
The kobold closely misses you. The goblin barely misses you.
You completely miss the kobold.
The kobold is severely wounded.
The kobold hits you but does no damage.
You feel drained. The goblin barely misses you.
You miss the kobold. You tail-slap the kobold.
You kill the kobold!
The goblin hits you with a +0 dagger of draining.
You feel drained.
You closely miss the goblin.
Your tail-slap misses the goblin.
The goblin hits you but does no damage.
You feel drained.
You miss the goblin.
Your tail-slap misses the goblin.
The goblin hits you but does no damage.
You feel drained.
You hit the goblin.
The goblin is severely wounded.
The goblin barely misses you.
You barely miss the goblin.
Your tail-slap misses the goblin.
The goblin is severely wounded.
The goblin closely misses you.
You hit the goblin but do no damage. You tail-slap the goblin.
You kill the goblin!
Things that are here:
a +0 dagger of draining; a +0 sling; a goblin corpse
Things that are here:
a +0 whip of draining; a kobold corpse You start resting.
An orc comes into view. It is wielding a +0 dagger.
The orc shouts!
Things that are here:
a +0 club; a +0 falchion; 16 gold pieces You start resting.
An orc is nearby!
You hit the orc but do no damage.
Your tail-slap misses the orc.
The orc misses you.
You hit the orc. You tail-slap the orc.
The orc is heavily wounded.
The orc hits you with a +0 dagger.
You closely miss the orc.
The orc is heavily wounded.
The orc barely misses you.
You hit the orc.
The orc is heavily wounded.
You hit the orc.
You kill the orc!
An orc priest comes into view. It is wielding a +0 club.
The orc priest shouts!
Items here: $ ))) [.
An orc priest is nearby!
Things that are here:
a +0 dagger of draining; a +0 sling; a goblin corpse You hit the orc priest but do no damage.
Your tail-slap misses the orc priest.
The orc priest calls down the wrath of Beogh upon you.
Pain shoots through your body!
You hit the orc priest.
The orc priest is moderately wounded.
The orc priest misses you.
You hit the orc priest.
The orc priest is severely wounded.
The orc priest barely misses you.
You hit the orc priest.
You tail-slap the orc priest, but do no damage.
The orc priest is severely wounded.
An orc comes into view. It is wielding a +0 mace.
The orc priest hits you with a +0 club.
The orc shouts!
You hit the orc priest.
Your tail-slap misses the orc priest.
The orc priest is almost dead.
The orc priest barely misses you.
You hit the orc priest.
The orc priest is almost dead.
The orc priest closely misses you.
You hit the orc priest.
You kill the orc priest!
Your Fighting skill increases to level 4!
Items here: ! ) ? †.
You closely miss the orc. The orc hits you with a +0 mace.
An orc comes into view. It is wielding a +0 war axe.
The orc shouts!
You hit the orc.
Your tail-slap misses the orc.
The orc is heavily wounded.
The orc hits you but does no damage.
You hit the orc.
You kill the orc!
Things that are here:
a +0 mace; a +0 leather armour; a brown potion
There is a stone staircase leading up here.
You fly upwards.
There is a stone staircase leading down here.
You start resting.
HP restored.
You fly downwards.
The orc closely misses you.
There is a stone staircase leading up here.
You hit the orc but do no damage. You tail-slap the orc.
The orc is severely wounded.
The orc misses you.
You closely miss the orc.
The orc is severely wounded.
The orc hits you but does no damage.
You closely miss the orc.
The orc is severely wounded.
The orc misses you.
You hit the orc.
You kill the orc!
No target in view!
r - a brown potion
Things that are here:
a +0 leather armour; a +0 mace
q - 4 scrolls labelled GEIPAU BOTAMUT (gained 1)
Things that are here:
a potion of lignification; a +0 club; an orc corpse
Things that are here:
a +0 whip of draining; a kobold corpse You now have 184 gold pieces (gained 16).
Items here: ))) [.
Things that are here:
a +0 dagger of draining; a +0 sling; a goblin corpse You see here a +0 war axe.
A goblin comes into view. It is wielding a +0 dagger.
Found a leather armour.
The goblin shouts!
A goblin comes into view. It is wielding a +0 club.
An adder comes into view.
The goblin shouts!
You hit the goblin but do no damage. The goblin hits you but does no damage.
You hit the goblin.
Your tail-slap misses the goblin.
The goblin is severely wounded.
You barely miss the goblin.
The goblin is severely wounded.
The goblin hits you but does no damage.
You hit the goblin.
You kill the goblin!
You hit the adder but do no damage.
Your tail-slap misses the adder.
The adder barely misses you.
You closely miss the adder.
Your tail-slap misses the adder.
The adder completely misses you. The adder barely misses you.
You punch the adder!
The adder is severely wounded.
The adder bites you.
You are poisoned.
The adder poisons you!
You barely miss the adder.
The adder is severely wounded.
You feel sick. The adder bites you but does no damage.
You hit the adder.
You kill the adder!
You feel sick.
You hit the goblin.
You kill the goblin!
You feel sick.
No target in view!
No target in view!
You feel sick.
You feel sick.
You feel sick.
You are no longer poisoned.
A hobgoblin comes into view.
Items here: )) †††.
The hobgoblin hits you but does no damage.
You hit the hobgoblin but do no damage. The hobgoblin completely misses you.
You hit the hobgoblin.
The hobgoblin is severely wounded.
The hobgoblin barely misses you.
You hit the hobgoblin.
You kill the hobgoblin!
No target in view!
HP restored.
Found a stone staircase leading down.
There is a stone staircase leading down here.
You reach down and open the door.
An adder comes into view.
Found a brown potion.
There is an open door here.
The adder hisses angrily.
You hit the adder.
The adder is moderately wounded.
The adder bites you but does no damage.
You hit the adder.
The adder is severely wounded.
The adder barely misses you.
You hit the adder.
You kill the adder!
No target in view!
Found a glowing golden altar of the Shining One.
r - 2 brown potions (gained 1)
A hobgoblin comes into view.
A hobgoblin is nearby!
The helpless hobgoblin fails to defend itself.
You hit the hobgoblin. You tail-slap the hobgoblin.
You kill the hobgoblin!
No target in view!
Done exploring.
Unknown command.
There is an open door here.
There is a stone staircase leading down here.
You fly downwards.
Found 8 stones.
There is a stone staircase leading up here.
Found a pair of gloves.
Found an escape hatch in the floor.
You see here a +0 pair of gloves.
s - a +0 pair of gloves You start putting on your armour.
You continue putting on your +0 pair of gloves. x4
You finish putting on your +0 pair of gloves.
There is an escape hatch in the floor here.
You see here 8 stones.
An ice beast comes into view.
What are your orders? t - Shout!
Orders for allies: a - Attack new target. r - Retreat! s - Stop attacking. g - Guard the area. f - Follow me.
Anything else - Cancel.
You shout for attention!
What are your orders? t - Shout!
Orders for allies: a - Attack new target. r - Retreat! s - Stop attacking. g - Guard the area. f - Follow me.
Anything else - Cancel.
You shout for attention!
What are your orders? t - Shout!
Orders for allies: a - Attack new target. r - Retreat! s - Stop attacking. g - Guard the area. f - Follow me.
Anything else - Cancel.
You shout for attention!
There is a stone staircase leading up here.
You fly upwards.
There is a stone staircase leading down here.
There is a stone staircase leading down here.
You fly downwards.
Found a robe.
There is a stone staircase leading up here.
An orc comes into view. It is wielding a +0 flail.
An orc priest and 2 orcs come into view.
The orc shouts! x2
You see here a +0 robe.
The orc barely misses you.
The orc priest shouts!
The orc shouts!
You hit the orc. You punch the orc.
You kill the orc!
The orc barely misses you.
You punch the orc!
You kill the orc!
The orc hits you but does no damage.
The orc priest invokes the aid of Beogh against you.
Beogh smites you!
You closely miss the orc. The orc closely misses you.
You hit the orc priest but do no damage.
The orc closely misses you. The orc priest barely misses you.
You hit the orc priest but do no damage.
Your tail-slap misses the orc priest.
The orc misses you. The orc priest hits you with a +0 whip.
You hit the orc priest.
Your tail-slap misses the orc priest.
The orc priest is lightly wounded.
The orc closely misses you. The orc priest hits you with a +0 whip.
You barely miss the orc priest.
Your tail-slap misses the orc priest.
The orc priest is lightly wounded.
The orc barely misses you.
The orc priest hits you but does no damage.
You hit the orc priest. You punch the orc priest.
The orc priest is severely wounded.
The orc closely misses you. The orc priest closely misses you.
You closely miss the orc priest. You tail-slap the orc priest.
The orc priest is almost dead.
You hit the orc priest but do no damage.
The orc priest is almost dead.
The orc misses you.
The orc priest looks braver for a moment.
You closely miss the orc priest.
The orc priest is almost dead.
The orc hits you with a +0 flail. The orc priest hits you with a +0 whip.
You hit the orc priest.
The orc priest is almost dead.
The orc barely misses you. The orc priest barely misses you.
You hit the orc priest.
You kill the orc priest!
The orc misses you.
Your life force feels restored.
You closely miss the orc.
Your tail-slap misses the orc.
The orc barely misses you.
You hit the orc.
Your tail-slap misses the orc.
The orc is heavily wounded.
The orc barely misses you.
You barely miss the orc.
The orc is heavily wounded.
The orc barely misses you.
You hit the orc but do no damage. You tail-slap the orc.
You kill the orc!
No target in view!
No target in view!
An adder comes into view.
Things that are here:
a +0 whip; a +0 leather armour
Found a staircase to the Ecumenical Temple.
You catch the helpless adder completely off-guard!
You hit the adder.
Your tail-slap misses the adder.
The adder is lightly wounded.
The adder misses you.
You hit the adder.
Your tail-slap misses the adder.
The adder is lightly wounded.
The adder closely misses you.
You completely miss the adder.
The adder is lightly wounded.
The adder completely misses you. The adder misses you.
You hit the adder.
The adder is heavily wounded.
The adder bites you but does no damage.
You hit the adder.
The adder is almost dead.
The adder barely misses you.
You barely miss the adder.
The adder is almost dead.
The adder closely misses you.
You closely miss the adder.
The adder is almost dead.
The adder closely misses you.
You hit the adder.
You kill the adder!
You see here an adder corpse.
Found an orange potion.
t - an orange potion
Found 11 gold pieces.
There is a staircase to the Ecumenical Temple here.
You fly downwards.
Welcome to the Ecumenical Temple!
Found a shadowy altar of Dithmenos and a basalt altar of Yredelemnul.
There is a staircase back to the Dungeon here.
Found a radiant altar of Vehumet.
Found a burning altar of Makhleb.
There is a burning altar of Makhleb here.
Found a stormy altar of Qazlal.
There is a stormy altar of Qazlal here.
Found a hazy altar of Hepliaklqana.
Found an iron altar of Okawaru.
Found an ancient bone altar of Kikubaaqudgha.
Found a broken altar of Ashenzari.
Found a shimmering blue altar of Sif Muna.
There is a shimmering blue altar of Sif Muna here.
Found a hide-covered altar of Uskayaw.
Found a bloodstained altar of Trog.
There is a bloodstained altar of Trog here.
Found a snail-covered altar of Cheibriados.
Found an opulent altar of Gozag.
Done exploring.
Done exploring.
Unknown command.
There is an opulent altar of Gozag here.
There is a staircase back to the Dungeon here.
You fly upwards.
Welcome back to the Dungeon!
There is a staircase to the Ecumenical Temple here.
Found a hand axe.
A necrophage comes into view.
You pick up a book of Conjurations and begin reading...
You add the spells Magic Dart, Searing Ray and Fulminant Prism to your library.
Found a scroll labelled LOIG PALAATUTA.
You hit the necrophage. You tail-slap the necrophage.
The necrophage is moderately damaged.
The necrophage hits you but does no damage.
You punch the necrophage!
The necrophage is heavily damaged.
The necrophage hits you but does no damage.
You hit the necrophage.
You tail-slap the necrophage, but do no damage.
The necrophage is severely damaged.
The necrophage hits you.
You closely miss the necrophage.
The necrophage is severely damaged.
The necrophage hits you.
You feel drained.
You hit the necrophage. You tail-slap the necrophage.
The necrophage is almost destroyed.
The necrophage hits you but does no damage.
You punch the necrophage!
You destroy the necrophage!
Your life force feels restored.
Training target 4.0 for Stealth reached!
Your Stealth skill increases to level 4!
You have reached level 6!
Your scales feel tougher.
An ice beast is nearby!
An ice beast is nearby!
You see here an adder skeleton.
You see here a +0 robe.
There is a stone staircase leading up here.
You fly upwards.
There is a stone staircase leading down here.
There is a stone staircase leading down here.
There is a stone staircase leading down here.
You fly downwards.
There is a stone staircase leading up here.
Throw: 3 darts (poison)
Press: ? - help, Q - select action, (/) - cycle Shift-Dir - straight line, f - ogre
Aim: an ogre, wielding a +0 giant club (asleep, 98% to hit)
You throw a poisoned dart. The poisoned dart hits the ogre.
The ogre is poisoned.
The ogre shouts!
Throw: 2 darts (poison)
Press: ? - help, Q - select action, (/) - cycle Shift-Dir - straight line, f/p - ogre
Aim: an ogre, wielding a +0 giant club (poisoned, 74% to hit)
You throw a poisoned dart. The poisoned dart hits the ogre.
The ogre looks even sicker.
Throw: dart (poison)
Press: ? - help, Q - select action, (/) - cycle Shift-Dir - straight line, f/p - ogre
Aim: an ogre, wielding a +0 giant club (lightly wounded, very poisoned, 74% to hit)
You throw a poisoned dart. The poisoned dart hits the ogre.
The ogre is lightly wounded.
You hit the ogre.
The ogre is lightly wounded.
The ogre hits you with a +0 giant club.
You hit the ogre.
The ogre is moderately wounded.
The ogre completely misses you.
You hit the ogre.
The ogre is heavily wounded.
You hit the ogre but do no damage.
The ogre is heavily wounded.
The ogre closely misses you.
You hit the ogre. You tail-slap the ogre.
The ogre is almost dead.
The ogre closely misses you.
You barely miss the ogre.
The ogre is almost dead.
You punch the ogre!
You kill the ogre!
Your Unarmed Combat skill increases to level 5!
You see here a +0 giant club.
e - a poisoned dart
e - 2 poisoned darts (gained 1)
e - 3 poisoned darts (gained 1)
n - 2 scrolls labelled LOIG PALAATUTA (gained 1)
You now have 195 gold pieces (gained 11).
Found an escape hatch in the ceiling.
Found a stone staircase leading down.
Found a ring mail.
There is an escape hatch in the ceiling here.
There is a stone staircase leading down here.
A centaur comes into view.
Found 13 gold pieces.
An orc priest comes into view. It is wielding a +0 dagger.
An orc wizard comes into view. It is wielding a +0 dagger.
The orc wizard shouts!
You hear a shout!
The orc wizard falls through a shaft!
The shaft crumbles and collapses.
A gnoll comes into view. It is wielding a +0 spear.
The gnoll moves out of view.
Found a stone staircase leading down.
Found a scroll labelled HEOMEO ARCHAOSE.
A gnoll and an orc priest come into view.
The orc priest shouts!
You hear a shout!
The gnoll falls through a shaft!
The shaft crumbles and collapses.
The orc priest calls down the wrath of Beogh upon you.
Beogh smites you!
A gnoll comes into view. It is wielding a +0 club.
Found a scroll labelled PIQOOJ URIWI.
The orc priest falls through a shaft!
The shaft crumbles and collapses.
A gnoll comes into view. It is wielding a +0 flail.
Found a viscous brown potion.
The orc priest completely misses you.
You closely miss the orc priest.
The gnoll shouts!
The orc priest hits you with a +0 mace.
The gnoll falls through a shaft!
The shaft crumbles and collapses.
The gnoll falls through a shaft!
The shaft crumbles and collapses.
The orc priest calls down the wrath of Beogh upon you.
Pain shoots through your body!
The gnoll falls through a shaft!
The shaft crumbles and collapses.
The orc priest calls down the wrath of Beogh upon you.
Pain shoots through your body!
There is a stone staircase leading down here.
The orc priest mumbles some strange prayers to Beogh against you.
Pain shoots through your body!
You fly downwards.
Found three items.
There is a stone staircase leading up here.
The helpless orc fails to defend itself.
You punch the orc!
You kill the orc!
You start resting.
A jelly comes into view.
You start resting.
HP restored.
The jelly quivers.
You see here 7 gold pieces.
You now have 202 gold pieces (gained 7).
Throw: 3 darts (poison)
Press: ? - help, Q - select action, (/) - cycle Shift-Dir - straight line, f - jelly
Aim: a jelly (89% to hit)
You throw a poisoned dart. The poisoned dart hits the jelly.
Throw: 2 darts (poison)
Press: ? - help, Q - select action, (/) - cycle Shift-Dir - straight line, f/p - jelly
Aim: a jelly (89% to hit)
You throw a poisoned dart.
The poisoned dart barely misses the jelly.
Throw: dart (poison)
Press: ? - help, Q - select action, (/) - cycle Shift-Dir - straight line, f/p - jelly
Aim: a jelly (89% to hit)
You throw a poisoned dart.
The poisoned dart barely misses the jelly.
You punch the jelly!
Your hands burn!
The jelly is heavily wounded.
The jelly barely misses you.
You hit the jelly. The acid corrodes you!
Your hands burn!
The jelly is severely wounded.
The jelly closely misses you.
You completely miss the jelly.
You tail-slap the jelly, but do no damage.
The jelly is severely wounded.
The jelly misses you.
You hit the jelly but do no damage.
Your hands burn!
The jelly is severely wounded.
The jelly barely misses you.
You hit the jelly but do no damage. The acid corrodes you!
Your hands burn!
Your tail-slap misses the jelly.
The jelly is severely wounded.
The jelly closely misses you.
You barely miss the jelly.
The jelly is severely wounded.
The jelly hits you.
You are splashed with acid!
You hit the jelly but do no damage. The acid corrodes you!
Your hands burn!
You tail-slap the jelly. You punch the jelly, but do no damage.
The jelly is almost dead.
The jelly barely misses you.
You hit the jelly.
You kill the jelly!
A water moccasin comes into view.
You start resting.
You are no longer corroded.
You start resting.
HP restored.
q - 5 scrolls labelled GEIPAU BOTAMUT (gained 1)
Found 8 stones.
Found 11 gold pieces.
You now have 213 gold pieces (gained 11).
As you read the scroll labelled GEIPAU BOTAMUT, it crumbles to dust.
It is a scroll of identify.
b - 3 scrolls of teleportation
As you read the scroll of identify, it crumbles to dust.
c - 2 scrolls of poison
As you read the scroll of identify, it crumbles to dust.
f - a scroll of immolation
As you read the scroll of identify, it crumbles to dust.
g - a scroll of brand weapon Unknown command.
As you read the scroll of identify, it crumbles to dust.
i - a scroll of torment
Found a leather armour.
You now have 225 gold pieces (gained 12).
An ice beast comes into view.
e - a scroll of identify
Found 8 gold pieces.
You now have 233 gold pieces (gained 8).
A bullfrog comes into view.
The helpless bullfrog fails to defend itself.
You hit the bullfrog.
The bullfrog is lightly wounded.
The bullfrog hits you but does no damage.
You hit the bullfrog.
The bullfrog is lightly wounded.
The bullfrog hits you but does no damage.
The bullfrog barely misses you.
You completely miss the bullfrog.
The bullfrog is lightly wounded.
The bullfrog hits you but does no damage.
You hit the bullfrog.
The bullfrog is moderately wounded.
The bullfrog barely misses you.
You closely miss the bullfrog.
The bullfrog is moderately wounded.
The bullfrog hits you. The bullfrog barely misses you.
You barely miss the bullfrog. You tail-slap the bullfrog.
The bullfrog is heavily wounded.
The bullfrog hits you.
You punch the bullfrog!
Your tail-slap misses the bullfrog.
The bullfrog is almost dead.
The bullfrog hits you.
The bullfrog hits you but does no damage.
You hit the bullfrog.
You kill the bullfrog!
No target in view!
p - 3 viscous brown potions (gained 1)
Found a whip.
The gnoll shouts! x2
The gnoll hits you with a +0 whip!
You closely miss the gnoll. The gnoll hits you but does no damage.
The gnoll hits you from afar with a +2 halberd of venom!
You hit the gnoll but do no damage.
Your tail-slap misses the gnoll.
The gnoll hits you from afar with a +2 halberd of venom.
The gnoll barely misses you.
The gnoll hits you with a +2 halberd of venom.
You are poisoned.
You closely miss the gnoll.
You feel very sick. The gnoll closely misses you.
The gnoll completely misses you.
You closely miss the gnoll. You tail-slap the gnoll.
The gnoll is lightly wounded.
You feel sick. The gnoll closely misses you.
You hit the gnoll.
The gnoll is heavily wounded.
You feel sick. The gnoll misses you.
You barely miss the gnoll.
The gnoll is heavily wounded.
You feel sick. The gnoll hits you with a +0 whip.
* * * LOW HITPOINT WARNING * * *
The gnoll misses you.
You closely miss the gnoll.
The gnoll is heavily wounded.
You feel sick. The gnoll misses you. The gnoll hits you but does no damage.
You are more poisoned.
You punch the gnoll!
You kill the gnoll!
You feel sick. The gnoll barely misses you.
You barely miss the gnoll.
You tail-slap the gnoll, but do no damage.
You feel sick. The gnoll hits you with a +0 whip.
* * * LOW HITPOINT WARNING * * *
You closely miss the gnoll.
You feel sick. The gnoll hits you with a +0 whip.
* * * LOW HITPOINT WARNING * * *
It was a potion of mutation.
You feel extremely strange. A pair of antennae grows on your head!
Your feet thicken and deform.
You feel stronger.
Your thoughts seem clearer.
You feel sick. The gnoll hits you with a +0 whip.
* * * LOW HITPOINT WARNING * * *
Unknown command.
It was a potion of brilliance.
You feel clever all of a sudden.
* * * LOW HITPOINT WARNING * * *
You feel sick. The gnoll misses you.
It was a potion of attraction.
You feel attractive to monsters.
* * * LOW HITPOINT WARNING * * *
You feel sick. The gnoll hits you with a +0 whip.
You die...

Skill      XL: |  1  2  3  4  5  6 |
---------------+-------------------+-----
Stealth        | 2 3 4 |  4.0
Dodging        | 3 |  3.9
Unarmed Combat | 4 5 |  5.3
Fighting       | 4 |  4.8

Action                   |  1- 3 |  4- 6 || total
-------------------------+-------+-------++-------
Melee: Unarmed           |   130 |   242 ||   372
       Tailslap          |    12 |    31 ||    43
       Punch             |     5 |     4 ||     9
Throw: Dart              |       |     6 ||     6
  Use: Potion            |     1 |     4 ||     5
       Scroll            |       |     5 ||     5
 Stab: Distracted        |     1 |     1 ||     2
       Sleeping          |     1 |     7 ||     8
Armor: Skin              |    42 |    73 ||   115
Dodge: Dodged            |    91 |   143 ||   234

Levels and vault maps discovered:
D:1:      heliophobic_arrival_ceremonial_halls, layout_rooms
D:2:      layout_rooms, serial_co_window_serial, co_window_paths_a,
          co_window_paths_a, co_window_paths_a, co_window_paths_a,
          co_window_corner_a, co_window_broadway_c, co_window_of_opportunity_b,
          co_window_broadway_a, co_window_4corner_a, co_window_sun,
          glass_columns_b, glass_columns_a, glass_columns_b, glass_columns_a,
          glass_columns_a, minmay_bisected
D:3:      layout_basic, lemuel_tele_altar, uniq_ijyb
D:4:      layout_loops_ring, nicolae_tso_swordbearing_angel
D:5:      layout_basic, minmay_temple_entry_statues, minmay_holes, uniq_edmund
D:6:      layout_cave_pods
Temple:   dpeg_chambers_temple

Notes
Turn   | Place    | Note
-------+----------+-------------------------------------------
     0 | D:1      | scionoferis the Draconian Monk began the quest for the Orb.
     0 | D:1      | Reached XP level 1. HP: 19/19 MP: 1/1
    99 | D:1      | Reached skill level 2 in Stealth
   156 | D:1      | Reached XP level 2. HP: 24/26 MP: 2/2
   624 | D:2      | Reached XP level 3. HP: 31/31 MP: 3/3
   711 | D:2      | Reached skill level 3 in Dodging
  1326 | D:2      | Reached XP level 4. HP: 36/40 MP: 4/4
  1613 | D:3      | Found a glowing silver altar of Zin.
  1678 | D:3      | Reached skill level 3 in Stealth
  1683 | D:3      | Noticed Ijyb
  1712 | D:3      | Killed Ijyb
  1994 | D:3      | Reached skill level 4 in Unarmed Combat
  2399 | D:4      | Reached XP level 5. HP: 41/46 MP: 5/5
  2877 | D:4      | Reached skill level 4 in Fighting
  3262 | D:4      | Found a glowing golden altar of the Shining One.
  3334 | D:5      | Entered Level 5 of the Dungeon
  3452 | D:5      | Noticed an ice beast
  3608 | D:5      | Found a staircase to the Ecumenical Temple.
  3639 | Temple   | Entered the Ecumenical Temple
  3900 | D:5      | Reached skill level 4 in Stealth
  3900 | D:5      | Reached XP level 6. HP: 45/53 MP: 6/6
  4020 | D:5      | Reached skill level 5 in Unarmed Combat
  4254 | D:6      | Noticed a water moccasin
  4376 | D:6      | Noticed an ice beast
  4520 | D:6      | Identified the +1 ring mail of Jigsaw {Rampage rPois rF-
                  | Regen+}
  4545 | D:6      | Gained mutation: You have a pair of small antennae on your
                  | head. [potion of mutation]
  4545 | D:6      | Gained mutation: You have large cloven feet. [potion of
                  | mutation]
  4545 | D:6      | Gained mutation: Your muscles are strong. (Str +4, Int/Dex
                  | -1) [potion of mutation]
  4545 | D:6      | Gained mutation: You possess an exceptional clarity of
                  | mind. [potion of mutation]
  4546 | D:6      | HP: 4/55 [poisoned by a gnoll]
  4547 | D:6      | Slain by a gnoll

Vanquished Creatures
  An ogre (D:5)
  A bullfrog (D:6)
  A necrophage (D:5)
  A jelly (D:6)
  2 orc priests (D:4 D:5)
  Ijyb (D:3)
  An orc wizard (D:4)
  A gnoll (D:6)
  5 adders (D:2 D:4 D:5)
  2 ufetubi (D:2 D:3)
  A dart slug (D:1)
  11 orcs (D:4 D:5 D:6)
  5 ball pythons (D:1 D:2 D:4)
  8 endoplasms (D:1 D:2 D:3)
  2 giant cockroaches (D:3 D:4)
  9 goblins (D:1 D:2 D:3 D:4)
  9 hobgoblins (D:1 D:2 D:4)
  8 jackals (D:1 D:2)
  A quokka (D:1)
  8 bats (D:1 D:2 D:3)
  5 frilled lizards (D:1 D:2)
  4 kobolds (D:2 D:3 D:4)
  4 rats (D:2 D:3)
91 creatures vanquished.

Table legend: (Time is in decaauts)
 A = Elapsed time spent in this place.
 B = Non-inter-level travel time spent in this place.
 C = Inter-level travel time spent in this place.
 D = Time resting spent in this place.
 E = Time spent auto-exploring this place.
 F = Levels seen in this place.
 G = Mean time per level.
                   A        B        C        D        E       F      G
               +--------+--------+--------+--------+--------+-----+--------+
         Total |   4522 |   4319 |    203 |    480 |   2843 |   7 |  646.0 |
       Dungeon |   4295 |   4114 |    181 |    480 |   2651 |   6 |  715.8 |
        Temple |    227 |    205 |     22 |      0 |    192 |   1 |  227.0 |
               +--------+--------+--------+--------+--------+-----+--------+

Top non-repeatable levels by time:
     D:4: 976 daAuts
     D:2: 953 daAuts
     D:3: 880 daAuts
     D:1: 561 daAuts
     D:5: 506 daAuts
     D:6: 417 daAuts
  Temple: 227 daAuts

Table legend:
 A = Non-vault XP
 B = Vault XP
 C = Vault XP percentage of total XP
 D = Non-vault monster count
 E = Vault monster count
 F = Vault count percentage of total count
                 A         B        C        D         E       F
            +---------+---------+-------+---------+---------+-------
      Total |     654 |      67 |   9.3 |      85 |       6 |   6.6
            +---------+---------+-------+---------+---------+-------
        D:1 |      38 |       0 |   0.0 |      21 |       0 |   0.0
        D:2 |      37 |      31 |  45.6 |      19 |       5 |  20.8
        D:3 |      26 |      36 |  58.1 |      12 |       1 |   7.7
        D:4 |     142 |       0 |   0.0 |      22 |       0 |   0.0
        D:5 |     264 |       0 |   0.0 |       7 |       0 |   0.0
        D:6 |     147 |       0 |   0.0 |       4 |       0 |   0.0
            +---------+---------+-------+---------+---------+-------
